 Dungeon Crawl Stone Soup version 0.31.0-11-ge490571c62 (webtiles) character file.

Game seed: 7097908848054088237

55911 croobank the Summoner (level 14, -2/67 HPs)
             Began as a Felid Conjurer on Feb 1, 2024.
             Was a High Priest of Hepliaklqana.
             Killed from afar by an acid dragon (8 damage)
             ... with a splash of acid
             ... on level 11 of the Dungeon on Feb 2, 2024.
             The game lasted 01:32:40 (26527 turns).

croobank the Summoner (Felid Conjurer)             Turns: 26527, Time: 01:32:40

Health: -2/67      AC:  3    Str:  9    XL:     14   Next: 40%
Magic:  25/28      EV: 23    Int: 25    God:    Hepliaklqana [*****.]
Gold:   1116       SH:  0    Dex: 17    Spells: 16/31 levels left
                                        Lives:  0   Deaths: 5

rFire   + + .        (weapon unavailable)
rCold   + . .        (shield unavailable)
rNeg    . . .        (body armour unavailable)
rPois   .            (helmet unavailable)
rElec   +            (cloak unavailable)
rCorr   +            (gloves unavailable)
SInv    +            (boots unavailable)
Will    ++...        p - amulet of magic regeneration
Stlth   +++++        F - ring of Beauty {rElec rF+ rCorr Str+6}
HPRegen 0.31/turn    y - ring of protection from fire
MPRegen 0.61/turn

%: no passive effects
@: mighty, unable to call your familiar
A: reduced essence, very small, claws 1, fangs 3, see invisible, shaggy fur 3,
stealthy paws, no weapons or thrown items, no armour, multi-lived
a: Renounce Religion, Recall Ancestor, Ancestor Identity, Transference, Idealise


You were on level 11 of the Dungeon.
You worshipped Hepliaklqana.
Hepliaklqana was extremely pleased with you.
You visited 3 branches of the dungeon, and saw 17 of its levels.
You also visited: Ossuary.

You collected 1155 gold pieces.
You spent 39 gold pieces at shops.

Inventory:

Jewellery
 h - a ring of poison resistance
 k - a ring of willpower
 l - a ring of magical power
 n - a ring of ice
 p - an amulet of magic regeneration (around neck)
 y - a ring of protection from fire (right paw)
 E - a +6 ring of dexterity
 F - the ring of Beauty (left paw) {rElec rF+ rCorr Str+6}
   (You found it on level 4 of the Lair of Beasts)

   [ring of strength]

   Str+6:     It affects your strength (+6).
   rF+:       It protects you from fire.
   rElec:     It insulates you from electricity.
   rCorr:     It protects you from acid and corrosion.
 G - a ring of ice
Wands
 s - a wand of quicksilver (15)
 u - a wand of flame (37)
 z - a wand of paralysis (3)
 A - a wand of mindburst (8)
 B - a wand of iceblast (21)
Scrolls
 b - 2 scrolls of immolation
 c - 4 scrolls of teleportation
 d - a scroll of silence
 g - 6 scrolls of noise
 m - 2 scrolls of blinking
 t - 3 scrolls of revelation
 w - 4 scrolls of identify
 D - a scroll of vulnerability
 H - a scroll of poison
Potions
 a - a potion of might
 e - 6 potions of mutation
 f - 5 potions of attraction
 i - 4 potions of enlightenment
 j - a potion of ambrosia
 q - 5 potions of lignification
 r - 5 potions of haste
 v - a potion of berserk rage
 x - a potion of brilliance
 C - a potion of cancellation


   Skills:
 - Level 9.5 Fighting
 - Level 10.0 Dodging
 - Level 10.0 Stealth
 - Level 9.0 Spellcasting
 - Level 9.5 Conjurations
 + Level 11.4 Summonings
 - Level 7.4 Translocations
 - Level 7.7 Fire Magic
 - Level 9.0 Invocations


You had 16 spell levels left.
You knew the following spells:

 Your Spells              Type           Power      Damage    Failure   Level
a - Magic Dart            Conj           100%       1d8       1%          1
b - Searing Ray           Conj           100%       2d8       1%          2
c - Iskenderun's Mystic   Conj/Tloc      52%        2d11      1%          4
d - Summon Blazeheart Go  Fire/Summ      56%        N/A       1%          4
e - Call Canine Familiar  Summ           62%        N/A       1%          3
A - Apportation           Tloc           96%        N/A       1%          1

Your spell library contained the following spells:

 Spells                   Type           Power      Damage    Failure   Level
 Sting                    Conj/Alch      100%       1d9       1%          1
 Summon Small Mammal      Summ           100%       N/A       1%          1
 Lesser Beckoning         Tloc           96%        N/A       1%          2
 Gell's Gravitas          Tloc           48%        N/A       1%          3
 Teleport Other           Tloc           48%        N/A       1%          3
 Manifold Assault         Tloc           48%        N/A       2%          4
 Inner Flame              Hex/Fire       30%        N/A       3%          3
 Iskenderun's Battlesphe  Conj           56%        2d11      3%          5
 Fireball                 Conj/Fire      26%        3d12      4%          5
 Necrotise                Necr           44%        1d6       5%          1
 Slow                     Hex            44%        N/A       5%          1
 Brom's Barrelling Bould  Conj/Erth      35%        2d5       8%          4
 Fulminant Prism          Conj/Alch      17%        3d11      8%          4
 Confusing Touch          Hex            11%        N/A       16%         3
 Fugue of the Fallen      Necr           11%        N/A       16%         3
 Ozocubu's Armour         Ice            11%        N/A       16%         3
 Sigil of Binding         Hex            11%        N/A       16%         3
 Tukima's Dance           Hex            11%        N/A       16%         3
 Vampiric Draining        Necr           11%        2d6       16%         3
 Irradiate                Conj/Alch      17%        3d17      22%         5
 Malign Gateway           Summ/Tloc      27%        N/A       67%         7
 Orb of Destruction       Conj           28%        9d9       67%         7
 Conjure Ball Lightning   Conj/Air       17%        3x3d6     75%         6
 Summon Horrible Things   Summ           31%        N/A       97%         8
 Ignition                 Fire           25%        3d8       100%        8
 Dimensional Bullseye     Hex/Tloc       Unusable   N/A       N/A         4

Dungeon Overview and Level Annotations

Branches:
Dungeon (11/15)            Temple (1/1) D:4            Lair (5/5) D:9
  Swamp (0/4) Lair:3       Spider (0/4) Lair:3        Slime (0/5) Lair:4
Ossuary (visited)
    Orc: D:9-12

Altars:
Ashenzari
Cheibriados
Dithmenos
Elyvilon
Fedhas
Gozag
Hepliaklqana
Kikubaaqudgha
Makhleb
Nemelex Xobeh
Okawaru
Qazlal
Ru
Sif Muna
Trog
Uskayaw
Vehumet
Wu Jian
Xom
Yredelemnul
Zin
The Shining One
Jiyva

Shops:
D:2 ?   D:5 (   D:10 :

Annotations:
D:5 1 runed translucent door, Crazy Yiuf
D:10 exclusion: downstairs
D:11 !Sonja, Sonja


Innate Abilities, Weirdness & Mutations

Your life essence is reduced to manifest your ancestor. (-10% HP)
You have sharp claws.
You have razor-sharp teeth.
You have supernaturally acute eyesight. (SInv)
Your thick and shaggy fur keeps you warm. (AC +3, rC+)
Your paws help you pounce on unaware monsters.
You are incapable of wielding weapons or throwing items.
You cannot wear armour.
You gain extra lives every three experience levels.


Message History

Press: ? - help, Shift-Dir - straight line, f - orc priest
Aim: an orc priest, wielding a +0 falchion and wearing a +0 leather armour (heavily wounded, chance to affect: 49%)
Okay, then.
You feel very mighty all of a sudden. The orc closely misses you.
The orc priest hits your blazeheart golem with a +0 falchion.
The shadow completely misses you.
The boulder beetle curls into a ball and begins rolling!
Your blazeheart golem punches the boulder beetle!!
You feel better. The orc hits you with a +0 dagger.
* * * LOW HITPOINT WARNING * * *
The orc priest hits your blazeheart golem with a +0 falchion.
Your blazeheart golem falls apart, revealing its core!
The orc warrior completely misses you. The shadow hits you!
* * * LOW HITPOINT WARNING * * *
Sonja casts a spell.
Sonja blinks!
The boulder beetle completely misses your blazeheart core.
The boulder beetle stops rolling and uncurls.
An acid dragon comes into view.
Your blazeheart core explodes!
The fiery explosion engulfs the orc warrior!!!
You kill the orc warrior!
The fiery explosion engulfs the boulder beetle!!
The fiery explosion engulfs the orc priest!!!
You kill the orc priest!
The fiery explosion engulfs the orc!!
You kill the orc!
The fiery explosion engulfs the shadow!!
You destroy the shadow!
Sonja throws a curare-tipped dart.
The curare-tipped dart misses you.
The boulder beetle curls into a ball and begins rolling!
Aiming: Paralyse
Press: ? - help, Shift-Dir - straight line, f - Sonja
Aim: Sonja, wielding a +0 short sword of venom and quivering curare-tipped darts (chance to affect: 57%) Sonja suddenly stops moving!
The acid dragon roars!
The acid dragon spits acid at you. The splash of acid hits you! You resist.
You die...

#################
.......K........#
######<........#
#..○○○....#
#.§○☼○....#
#..B☼°@...#
#.†.......#
#.)†......#
#..)......#
#).$......#
#.........#
#[........#
#........D#
#.........


You could see a boulder beetle (rolling), Sonja (paralysed) and an acid dragon
(catching breath).

Vanquished Creatures
  2 hydras
  2 boulder beetles
  2 two-headed ogres
  6 death yaks
  Amaemon (Lair:1)
  A pharaoh ant (Lair:3)
  2 bog bodies (Lair:3)
  An elephant (Lair:2)
  5 black mambas
  A torpor snail (Lair:5)
  An orange demon (Lair:1)
  A rime drake (Lair:1)
  7 cane toads
  4 komodo dragons
  10 polar bears
  A nameless horror (Lair:4)
  6 dream sheep (Lair:4)
  A hornet (D:9)
  17 blink frogs
  A jumping spider (Lair:3)
  Sigmund (D:5)
  4 wyverns
  A shadow (D:11)
  A wraith (D:10)
  2 vampires
  32 yaks
  3 wargs (Lair:5)
  2 basilisks
  2 steam dragons
  Edmund (D:5)
  3 water moccasins
  3 hell hounds (Lair:5)
  A sky beast (D:7)
  2 orc warriors
  2 black bears (Lair:5)
  13 wolves
  2 centaurs
  2 elf zombies (Ossuary)
  2 kobold brigands
  2 scorpions
  4 bullfrogs
  A hexer (D:11)
  6 wights
  7 killer bees
  2 howler monkeys (D:9)
  7 electric eels
  2 centaur zombies (Ossuary)
  3 jellies
  4 orc priests
  A bombardier beetle (D:5)
  3 hounds
  3 human zombies (Ossuary)
  2 iguanas
  3 hell rats (Lair:5)
  Ijyb (D:5)
  7 orc wizards
  6 hound zombies (Ossuary)
  2 mummies (Ossuary)
  8 adders
  4 gnolls (D:4)
  A white imp (D:6)
  2 ufetubi (D:6)
  5 adder zombies (Ossuary)
  A dart slug (D:1)
  3 ribbon worms
  21 orcs
  4 endoplasms
  3 giant cockroaches
  7 goblins
  9 hobgoblins
  7 jackals
  3 quokkas (D:2)
  4 ball pythons
  5 bats
  5 frilled lizards
  4 gnoll zombies (Ossuary)
  8 jackal zombies (Ossuary)
  13 kobolds
  5 kobold zombies (Ossuary)
  2 orc zombies (Ossuary)
  3 rats
  A rat zombie (D:4)
345 creatures vanquished.

Vanquished Creatures (collateral kills)
  Harold (D:11)
  A hydra (Lair:5)
  A catoblepas (Lair:4)
  A boulder beetle (Lair:5)
  2 two-headed ogres
  Urug (Lair:5)
  3 death yaks
  A hell hog (Lair:5)
  A skyshark (Lair:4)
  An arcanist (D:10)
  5 oklob plants
  An ugly thing (D:11)
  4 elephants (Lair:2)
  A black mamba (Lair:1)
  7 cane toads
  A rime drake (Lair:1)
  3 komodo dragons
  A polar bear (Lair:5)
  A hornet (D:10)
  4 blink frogs (Lair:4)
  A dream sheep (Lair:4)
  A raiju (Lair:5)
  A spriggan (Lair:1)
  A wyvern (Lair:2)
  11 yaks
  A basilisk (Lair:4)
  A warg (Lair:5)
  3 vampire mosquitoes (D:11)
  13 hell hounds (Lair:5)
  2 water moccasins (Lair:3)
  An ice beast (D:8)
  9 black bears (Lair:5)
  13 wolves
  A centaur (D:10)
  A kobold brigand (D:7)
  2 bullfrogs
  A scorpion (Lair:3)
  2 killer bees (D:10)
  A bombardier beetle (D:7)
  A hound (D:7)
  3 hell rats (Lair:5)
  3 orc wizards (D:8)
  2 orcs (D:8)
  4 kobolds (D:7)
120 creatures vanquished.

Vanquished Creatures (others)
  An electric eel (Lair:3)
  27 hexers
  40 blazeheart cores
68 creatures vanquished.

Grand Total: 533 creatures vanquished

Notes
Turn   | Place    | Note
-------+----------+-------------------------------------------
     0 | D:1      | croobank the Felid Conjurer began the quest for the Orb.
     0 | D:1      | Reached XP level 1. HP: 9/9 MP: 4/4
   280 | D:1      | You fall into a shaft and drop 1 floor!
   501 | D:2      | Reached XP level 2. HP: 14/14 MP: 4/6
   666 | D:2      | Slain by a ribbon worm
   666 | D:2      | Lost a life (0 lives remaining)
  1144 | D:1      | Reached skill level 1 in Fighting
  1144 | D:1      | Reached XP level 3. HP: 18/18 MP: 3/7
  1155 | D:1      | Learned a level 2 spell: Searing Ray
  1460 | D:2      | Found Ytuggy's Magic Scroll Emporium.
  1469 | D:2      | Bought a scroll of noise for 13 gold pieces
  1469 | D:2      | Bought a scroll of identify for 26 gold pieces
  1475 | D:2      | Found a faded altar of an unknown god.
  2597 | D:3      | Noticed a bullfrog
  2605 | D:3      | Killed a bullfrog
  2606 | D:3      | Reached XP level 4. HP: 13/23 MP: 1/8
  2606 | D:3      | Gained a life (1 life remaining)
  3393 | D:3      | Reached XP level 5. HP: 26/26 MP: 10/10
  4275 | D:4      | Found a sand-covered staircase.
  4287 | Ossuary  | Entered an ossuary
  4594 | Ossuary  | Learned a level 4 spell: Iskenderun's Mystic Blast
  4635 | Ossuary  | Reached skill level 1 in Translocations
  4791 | Ossuary  | Gained mutation: You are covered in thick fur. (AC +2)
                  | [Felid growth]
  4791 | Ossuary  | Reached XP level 6. HP: 31/31 MP: 11/11
  5516 | Ossuary  | Reached skill level 5 in Translocations
  5621 | Ossuary  | Reached XP level 7. HP: 33/35 MP: 1/12
  5621 | Ossuary  | Gained a life (2 lives remaining)
  6565 | D:4      | Found a staircase to the Ecumenical Temple.
  6591 | Temple   | Entered the Ecumenical Temple
  6614 | Temple   | Became a worshipper of Hepliaklqana the Forgotten
  6742 | D:5      | Entered Level 5 of the Dungeon
  6782 | D:5      | Found Gefuseer's Weapon Shop.
  6783 | D:5      | Noticed Sigmund
  6792 | D:5      | Killed Sigmund
  6793 | D:5      | Reached skill level 5 in Stealth
  6793 | D:5      | Reached skill level 1 in Invocations
  7011 | D:5      | Noticed Ijyb
  7020 | D:5      | Killed Ijyb
  7021 | D:5      | Reached skill level 5 in Dodging
  7021 | D:5      | Reached XP level 8. HP: 40/40 MP: 14/14
  7188 | D:5      | Noticed Edmund
  7238 | D:4      | Reached skill level 5 in Conjurations
  7739 | D:5      | Found a runed translucent door.
  7740 | D:5      | Noticed Crazy Yiuf
  7854 | D:5      | Mangled by Edmund
  7854 | D:5      | Lost a life (1 life remaining)
  7870 | D:5      | Killed Edmund
  7939 | D:5      | Reached XP level 9. HP: 32/45 MP: 2/16
  8402 | D:6      | Reached * piety under Hepliaklqana
  8644 | D:6      | Found a bloodstained altar of Trog.
  8710 | D:6      | Found a burning altar of Makhleb.
  8984 | D:7      | Reached ** piety under Hepliaklqana
  8985 | D:7      | Remembered your ancestor Zayda as a hexer
  9970 | D:8      | Noticed a two-headed ogre
 10012 | D:7      | Killed a two-headed ogre
 10013 | D:7      | Reached skill level 5 in Fighting
 10013 | D:7      | Reached skill level 5 in Spellcasting
 10728 | D:8      | Noticed a two-headed ogre
 10742 | D:8      | Killed a two-headed ogre
 10743 | D:8      | Reached XP level 10. HP: 45/45 MP: 13/19
 10743 | D:8      | Gained a life (2 lives remaining)
 10921 | D:8      | Reached *** piety under Hepliaklqana
 10974 | D:8      | Found a snail-covered altar of Cheibriados.
 10990 | D:8      | Found a shadowy altar of Dithmenos.
 10990 | D:8      | Found an ornate altar of the Wu Jian Council.
 11000 | D:8      | Found an opulent altar of Gozag.
 11003 | D:8      | Found a sacrificial altar of Ru.
 11752 | D:9      | Found a glowing silver altar of Zin.
 11933 | D:9      | Reached skill level 5 in Invocations
 12044 | D:9      | Found a stormy altar of Qazlal.
 12050 | D:9      | Found a staircase to the Lair.
 12119 | D:10     | Entered Level 10 of the Dungeon
 12138 | D:10     | Noticed a two-headed ogre
 12149 | D:10     | Killed a two-headed ogre
 12723 | D:10     | Noticed a boulder beetle
 12746 | D:10     | Killed a boulder beetle
 12861 | D:10     | Found Pyumn's Book Emporium.
 13012 | D:10     | Reached skill level 10 in Stealth
 13012 | D:10     | Reached XP level 11. HP: 31/52 MP: 9/21
 13375 | D:10     | Noticed an arcanist
 13387 | D:10     | Killed an arcanist
 13543 | D:11     | Noticed Sonja
 13543 | D:11     | Noticed a cyan ugly thing
 13596 | Lair:1   | Entered Level 1 of the Lair of Beasts
 13598 | Lair:1   | Noticed Amaemon
 13611 | Lair:1   | HP: 1/52 [Amaemon/+0 demon whip of venom (2)]
 13611 | Lair:1   | Slain by Amaemon
 13611 | Lair:1   | Lost a life (1 life remaining)
 13612 | Lair:1   | Reached **** piety under Hepliaklqana
 13819 | Lair:1   | Noticed a boulder beetle
 13835 | Lair:1   | Killed a boulder beetle
 13959 | Lair:1   | Reached skill level 10 in Dodging
 14820 | Lair:1   | Killed Amaemon
 15618 | Lair:1   | Gained mutation: Your thick and shaggy fur keeps you warm.
                  | (AC +3, rC+) [Felid growth]
 15618 | Lair:1   | Reached XP level 12. HP: 58/58 MP: 24/24
 17761 | Lair:2   | Reached ***** piety under Hepliaklqana
 18712 | Lair:3   | Noticed a seven-headed hydra
 18720 | Lair:3   | Learned a level 4 spell: Summon Blazeheart Golem
 18791 | Lair:3   | Reached skill level 1 in Summonings
 18791 | Lair:3   | Reached skill level 1 in Fire Magic
 18802 | Lair:3   | Reached skill level 2 in Summonings
 18830 | Lair:3   | Found a hole to the Spider Nest.
 18997 | Lair:3   | Reached skill level 3 in Summonings
 19018 | Lair:3   | Reached XP level 13. HP: 63/63 MP: 27/27
 19018 | Lair:3   | Gained a life (2 lives remaining)
 19024 | Lair:3   | Found a staircase to the Swamp.
 20052 | Lair:3   | HP: 2/63 [oklob plant/splash of acid (24)]
 20559 | Lair:3   | Learned a level 1 spell: Apportation
 20755 | Lair:4   | Reached skill level 4 in Summonings
 20891 | Lair:4   | Found a staircase to the Slime Pits.
 20891 | Lair:4   | Found a viscous altar of Jiyva.
 20958 | Lair:4   | Slain by a wolf
 20958 | Lair:4   | Lost a life (1 life remaining)
 21015 | Lair:4   | Reached skill level 5 in Summonings
 21108 | Lair:4   | Reached skill level 5 in Fire Magic
 21187 | Lair:4   | Identified the ring of Beauty {rElec rF+ rCorr Str+6}
 21290 | Lair:4   | Identified the +3 ring mail of Going Fast {*Slow Str+9
                  | Stlth+}
 21349 | Lair:4   | Reached skill level 6 in Summonings
 22017 | Lair:5   | Entered Level 5 of the Lair of Beasts
 22928 | Lair:5   | Noticed Urug
 22931 | Lair:5   | Reached skill level 7 in Summonings
 22936 | Lair:5   | Killed Urug
 23095 | Lair:5   | Reached skill level 8 in Summonings
 23518 | Lair:5   | Learned a level 3 spell: Call Canine Familiar
 23580 | Lair:5   | Reached XP level 14. HP: 67/67 MP: 28/28
 23634 | Lair:5   | Reached skill level 9 in Summonings
 23940 | Lair:5   | Reached skill level 10 in Summonings
 23943 | Lair:5   | Slain by a polar bear
 23943 | Lair:5   | Lost a life (0 lives remaining)
 26469 | D:11     | Noticed Harold
 26476 | D:11     | Reached skill level 11 in Summonings
 26487 | D:11     | Killed Harold
 26527 | D:11     | Killed from afar by an acid dragon

Illustrated notes

Levels and vault maps discovered:
D:1:      doesnt_arrival_eight_statues, layout_loops_ring
D:2:      layout_basic, hellmonk_ecumenical_altar_run_dry, serial_shops,
          nicolae_shop_gibbet_a_chance
D:3:      layout_basic
D:4:      layout_rooms, minmay_temple_entry_butterflies, enter_ossuary_3
D:5:      layout_cave_pools, serial_shops, nicolae_shop_bloodbath_and_beyond,
          uniq_crazy_yiuf_cottage, uniq_edmund, uniq_sigmund, uniq_ijyb
D:6:      layout_gridville, mainiacjoe_overflow_cross_hatched, bloody_makhleb
D:7:      layout_loops_ring, serial_bayou, serial_bayou_ford_a,
          serial_bayou_pond_a, serial_bayou_lagoon_b, serial_bayou_pond_d,
          minmay_misc_feat_tiny, minmay_misc_feat_secret_circle,
          nrook_pool_corridor
D:8:      layout_loops_ring, minmay_overflow_temple_star_hex,
          grunt_ministairs_15, blue_anna_alchemist
D:9:      layout_loops_ring, nicolae_overflow_hidden_temple,
          kennysheep_little_box, lair_entry_dummy
D:10:     layout_loops_ring, serial_shops, kennysheep_mini, minmay_librarian
D:11:     layout_long_grid, orc_0_dummy, uniq_sonja, uniq_harold
Temple:   oiseaux_autumnal_temple
Lair:1:   layout_cave_pods, wad_woods_03, uniq_amaemon
Lair:2:   layout_regular_city
Lair:3:   layout_gridlike, nicolae_swamp_entry_splash_gauntlet,
          nicolae_spider_entry_lesser_pyramids, chequers_serial_rivers_large_b
Lair:4:   layout_misc_corridors, slime_entry_1, grunt_megastairs_1
Lair:5:   hangedman_lair_caniforms_friends, layout_cave_shapes,
          chequers_serial_rivers_micro_b, dpeg_oklob_1, serial_bayou_shore_a,
          uniq_urug

Skill      XL: |  1  2  3  4  5  6  7  8  9 10 11 12 13 14 |
---------------+-------------------------------------------+-----
Dodging        | 3 4 5 6 8 9 10 | 10.0
Stealth        | 3 4 5 6 8 10 | 10.0
Fighting       | 1 2 3 4 5 6 8 9 |  9.5
Conjurations   | 4 5 6 7 8 9 |  9.5
Spellcasting   | 3 4 5 6 7 9 |  9.0
Translocations | 2 6 7 |  7.4
Invocations    | 1 3 4 5 7 9 |  9.0
Summonings     | 3 8 11 | 11.4
Fire Magic     | 3 7 |  7.7

Action                     |  1- 3 |  4- 6 |  7- 9 | 10-12 | 13-15 || total
---------------------------+-------+-------+-------+-------+-------++-------
  Melee: Unarmed           |    36 |    10 |    10 |    51 |    28 ||   135
         Bite              |     7 |     1 |     3 |    18 |     9 ||    38
         Punch             |       |       |       |     1 |       ||     1
   Cast: Magic Dart        |    65 |    32 |    62 |    99 |    52 ||   310
         Searing Ray       |    11 |    48 |    79 |   160 |    19 ||   317
         Iskenderun's Myst |       |       |     5 |    12 |     2 ||    19
         Summon Blazeheart |       |       |       |     2 |    67 ||    69
         Call Canine Famil |       |       |       |       |     6 ||     6
         Apportation       |       |       |       |       |     3 ||     3
 Invoke: Ancestor Life: He |       |       |     1 |       |       ||     1
         Ancestor Identity |       |       |     1 |       |       ||     1
         Idealise          |       |       |       |       |     5 ||     5
  Evoke: Wand              |       |       |     8 |     3 |     3 ||    14
    Use: Potion            |     1 |       |     2 |     7 |     5 ||    15
         Scroll            |     2 |    10 |     4 |    11 |     6 ||    33
   Stab: Sleeping          |     6 |     3 |     2 |       |     1 ||    12
         Distracted        |       |       |       |       |     1 ||     1
         Confused          |       |       |       |       |     1 ||     1
         Petrified         |       |       |       |       |     1 ||     1
 Armour: Skin              |    16 |    26 |    26 |    93 |    97 ||   258
  Dodge: Dodged            |    48 |    54 |    71 |   316 |   187 ||   676
